AoeStats
← HTY

Black Forest

504689929Analyzed
4v4 RM · 26d ago on Sep 6, 2026· 49m 50s· 8 players
Game mode
Random Map
Map size
Large (8 player)
Population
200
Speed
Normal
Resources
Standard
Victory
Conquest
Starting age
Dark Age
Ending age
Imperial Age
RankedLock teamsTeams togetherTeam positionsShared explorationLock speedFull tech treeHidden civsTurbo modeCheats
Victory
Defeat
🇭🇰 Vietnamese · Hong Kong SAR China
1184
+15
🇹🇼 Bohemians · Taiwan
1184
+15
🇨🇳 Khmer · China
1162
+16
🇨🇳 Koreans · China
1156
+16
🇦🇺 Japanese · Australia
1195
-16
🇹🇷 Byzantines · Türkiye
1184
-16
🇮🇳 Tatars · India
1169
-16
🇬🇧 Britons · United Kingdom
1119
-14
SUSU
3:27 Loom
13:54 Feudal Age
21:18 Castle Age
20:25 Double-Bit Axe
32:22 Ballistics
33:18 Chemistry
32:55 Fletching
37:07 Imperial Age
37:31 Elite Skirmisher
40:06 Bodkin Arrow
40:11 Padded Archer Armor
39:41 Imperial Skirmisher
iii
3:51 Loom
11:19 Feudal Age
15:42 Castle Age
13:55 Double-Bit Axe
14:06 Horse Collar
17:22 Bow Saw
17:43 Heavy Plow
20:51 Fishing Lines
22:42 Gillnets
25:14 Wheelbarrow
25:02 Gold Mining
25:03 Stone Mining
26:39 Hand Cart
30:08 Imperial Age
28:43 Scale Barding Armor
28:29 Fletching
29:05 Ballistics
28:57 Masonry
29:37 Gold Shaft Mining
29:37 Stone Shaft Mining
29:46 Town Watch
30:47 Chain Barding Armor
30:23 Bodkin Arrow
30:43 Fortified Wall
32:25 Architecture
32:01 Siege Engineers
32:56 Chemistry
32:01 Padded Archer Armor
32:36 Plate Barding Armor
32:53 Crop Rotation
33:55 Conscription
33:38 Double Crossbow
33:40 Tusk Swords
33:01 Elite Ballista Elephant
33:47 Bracer
34:03 Leather Archer Armor
34:00 Forging
34:43 Town Patrol
34:47 Murder Holes
35:39 Caravan
36:10 Coinage
36:19 Hoardings
36:17 Ring Archer Armor
36:05 Heavy Scorpion
37:30 Bloodlines
37:21 Husbandry
37:48 Elite Battle Elephant
39:19 Banking
40:03 Iron Casting
42:46 Blast Furnace
tugou
0:44 Loom
12:25 Feudal Age
19:15 Castle Age
17:29 Fletching
17:49 Double-Bit Axe
18:04 Fishing Lines
20:00 Gillnets
28:58 Wheelbarrow
30:54 Horse Collar
33:06 Bodkin Arrow
35:06 Ballistics
36:29 Gold Mining
40:58 Imperial Age
38:35 Stone Mining
40:00 Masonry
40:37 Hand Cart
41:43 Bracer
41:07 Elite War Wagon
42:09 Conscription
45:25 Bow Saw
45:21 Caravan
45:52 Coinage
47:50 Gold Shaft Mining
49:10 Chemistry
48:42 Architecture
建興法師
6:17 Loom
11:59 Feudal Age
15:58 Castle Age
14:23 Horse Collar
15:08 Double-Bit Axe
17:44 Bow Saw
17:37 Heavy Plow
31:44 Imperial Age
31:34 Wheelbarrow
31:33 Scale Barding Armor
32:34 Hand Cart
32:28 Chatras
32:53 Bloodlines
34:03 Husbandry
34:17 Forging
36:21 Chemistry
35:42 Ballistics
35:25 Gold Mining
36:38 Two-Man Saw
36:39 Chain Barding Armor
37:28 Iron Casting
37:40 Padded Archer Armor
38:19 Iron Casting
38:20 Plate Barding Armor
38:09 Elite Battle Elephant
39:13 Leather Archer Armor
38:30 Elite Skirmisher
40:08 Siege Engineers
41:07 Caravan
42:40 Ring Archer Armor
42:01 Fletching
44:13 Bodkin Arrow
44:12 Imperial Skirmisher
44:55 Bracer
45:11 Imperial Skirmisher
47:37 Paper Money
seaguloftime
11:35 Feudal Age
14:13 Loom
17:08 Castle Age
16:16 Double-Bit Axe
16:16 Horse Collar
18:01 Wheelbarrow
18:12 Bow Saw
18:55 Heavy Plow
19:11 Town Watch
23:47 Gold Mining
23:47 Stone Mining
25:07 Hand Cart
30:53 Imperial Age
28:27 Fletching
28:49 Scale Barding Armor
28:15 Light Cavalry
29:29 Ballistics
29:20 Masonry
29:41 Bodkin Arrow
31:24 Gold Shaft Mining
30:53 Town Patrol
31:28 Yeomen
31:40 Chain Barding Armor
31:49 Forging
32:30 Conscription
32:42 Bracer
33:17 Siege Engineers
34:13 Chemistry
33:43 Warwolf
34:34 Hoardings
36:01 Architecture
35:28 Murder Holes
35:38 Padded Archer Armor
36:14 Plate Barding Armor
36:00 Squires
38:56 Elite Longbowman
43:47 Caravan
raw0000
0:35 Loom
14:06 Feudal Age
14:32 Town Watch
18:17 Fletching
19:29 Horse Collar
19:36 Double-Bit Axe
24:42 Castle Age
31:38 Imperial Age
31:00 Forging
30:56 Scale Barding Armor
33:03 Chain Barding Armor
33:47 Iron Casting
35:12 Pikeman
35:53 Squires
35:56 Scale Mail Armor
36:57 Blast Furnace
38:40 Blast Furnace
37:05 Halberdier
43:06 Bloodlines
42:56 Husbandry
42:18 Light Cavalry
44:32 Hussar
45:51 Plate Barding Armor
49:07 Heavy Plow
49:20 Bow Saw
HTY
0:34 Loom
12:41 Feudal Age
13:17 Double-Bit Axe
18:05 Horse Collar
21:02 Castle Age
21:55 Bow Saw
33:26 Imperial Age
31:35 Wheelbarrow
31:46 Gold Mining
32:54 Stone Mining
35:05 Heavy Plow
36:59 Chemistry
37:19 Forging
37:15 Scale Barding Armor
37:18 Husbandry
36:48 Elite Cataphract
40:16 Two-Man Saw
39:57 Logistica
42:41 Pikeman
44:10 Iron Casting
43:35 Scale Mail Armor
44:05 Conscription
44:08 Halberdier
44:50 Squires
45:31 Gambesons
Porkroll
13:12 Feudal Age
18:31 Castle Age
17:23 Forging
17:00 Man-at-Arms
20:48 Iron Casting
21:12 Long Swordsman
22:40 Horse Collar
26:04 Squires
28:51 Wheelbarrow
32:44 Heavy Plow
34:16 Hand Cart
37:50 Scale Mail Armor
41:39 Elite Skirmisher
Connection lost

Rejoining the realm…

Still unreachable

The connection could not be restored.

Session expired

The server has moved on; the page needs a fresh start.